[Event "Titled Tuesday Blitz February 15 Early 2022"]
[White "Shton, Roman"]
[Black "Sovetbekova, Nurai"]
[WhiteFideId "14137461"]
[BlackFideId "13801910"]
[WhiteElo "2038"]
[BlackElo "1545"]
[Result "0-1"]
[Round "06"]
[TimeControl "180+1"]
[Date "2022.02.15"]
[WhiteClock "0:01:43"]
[BlackClock "0:00:08"]

1. d4 Nf6 2. Nf3 g6 3. c4 Bg7 4. Nc3 d5 5. cxd5 Nxd5 6. e4 Nxc3 7. bxc3 c5 8. Be2 Nc6 9. Be3 Qc7 10. Rc1 O-O 11. d5 Ne5 12. O-O c4 13. Bd4 Rd8 14. Qa4 Nxf3+ 15. Bxf3 e6 16. Bxg7 Kxg7 17. Rcd1 a6 18. e5 exd5 19. Rxd5 Rxd5 20. Bxd5 b5 21. Qa3 Bb7 22. Bxb7 Qxb7 23. Qd6 Re8 24. Qf6+ Kg8 25. Rd1 Qe4 26. f4 Qe3+ 27. Kf1 Qxc3 28. Rd8 Rxd8 29. Qxd8+ Kg7 30. Qf6+ Kg8 31. Qd8+ Kg7 32. Qf6+ Kg8 33. Kf2 Qd2+ 34. Kf3 Qd3+ 35. Kg4 Qe2+ 36. Kg3 Qe3+ 37. Kh4 Qf2+ 38. Kg4 Qxg2+ 39. Kh4 Qxh2+ 40. Kg4 Qh5+ 41. Kg3 Qf5 42. Qd8+ Kg7 43. Qe7 Qe6 44. Qc5 h5 45. Kf2 h4 46. Kg2 h3+ 47. Kh2 Qg4 48. Qd6 Qg2# 0-1


[Site "https://www.chess.com"]

[Event "Titled Tuesday Blitz February 15 Early 2022"]
[White "Shtyka, Sergey"]
[Black "Iljin, Timofey"]
[WhiteFideId "4138465"]
[BlackFideId "14110180"]
[WhiteElo "2014"]
[BlackElo "2396"]
[Result "1-0"]
[Round "06"]
[TimeControl "180+1"]
[Date "2022.02.15"]
[WhiteClock "0:00:28"]
[BlackClock "0:00:16"]

1. e4 e5 2. Nf3 Nc6 3. Nc3 Nf6 4. Bb5 Bd6 5. O-O O-O 6. h3 h6 7. Be2 Nd4 8. d3 c6 9. Nxd4 exd4 10. Nb1 Bc5 11. f4 d5 12. e5 Nd7 13. Nd2 Re8 14. Nf3 Nf8 15. a3 a5 16. Bd2 Ng6 17. Qe1 f6 18. Qg3 Kh7 19. Rae1 Bf5 20. h4 Qc7 21. h5 Nh8 22. Nh4 Bd7 23. Bg4 Bxg4 24. Qxg4 Qc8 25. e6 Qc7 26. Rf3 Bf8 27. Rg3 c5 28. Nf5 c4 29. e7 g5 30. hxg6+ Kg8 31. exf8=Q+ Rxf8 32. Nxh6+ Kg7 33. Re7+ Qxe7 34. Nf5+ Kg8 35. Nxe7+ Kg7 36. Nf5+ Kg8 37. g7 Rfe8 38. gxh8=Q+ Kf7 39. Nd6+ Ke7 40. Nxe8 Rxe8 41. Qgg7+ Kd6 42. Qxe8 Kc5 43. Bxa5 b6 44. Bb4# 1-0


[Site "https://www.chess.com"]

[Event "Titled Tuesday Blitz February 15 Early 2022"]
[White "Shukhman, Anna"]
[Black "Soderstrom, Adrian"]
[WhiteFideId "54180058"]
[BlackFideId "1745786"]
[WhiteElo "1628"]
[BlackElo "2107"]
[Result "1-0"]
[Round "06"]
[TimeControl "180+1"]
[Date "2022.02.15"]
[WhiteClock "0:00:09"]
[BlackClock "0:00:02"]

1. e4 e5 2. Nf3 Nc6 3. d4 exd4 4. Nxd4 Qh4 5. Nc3 Bb4 6. Be2 Qxe4 7. Nxc6 Bxc3+ 8. bxc3 dxc6 9. O-O Be6 10. Bf3 Qg6 11. Rb1 Ne7 12. Ba3 Nd5 13. Rxb7 Rd8 14. Re1 Ne7 15. Qe2 Qf6 16. Rxc7 Rd7 17. Rxd7 Kxd7 18. Qa6 Rc8 19. Bxe7 Qxe7 20. Rd1+ Ke8 21. Bxc6+ Kf8 22. Bf3 g6 23. Qa5 Kg8 24. Qe5 Qa3 25. Bd5 Rd8 26. c4 Qxa2 27. h4 Qxc2 28. Re1 Qf5 29. Qxf5 Bxf5 30. Ra1 Rd7 31. Bf3 Be6 32. c5 h5 33. c6 Rc7 34. Rb1 Bc8 35. Rb8 Kg7 36. Kf1 Ba6+ 37. Ke1 Kf6 38. Kd2 Ke5 39. Kc3 Kd6 40. Kb4 Bc8 41. Ka5 Kc5 42. Rb2 a6 43. Rc2+ Kd6 44. Kb6 Re7 45. Rd2+ Ke6 46. c7 Kf6 47. Rd8 Re6+ 48. Ka7 Rc6 49. Rxc8 Rb6 50. Kxb6 1-0


[Site "https://www.chess.com"]

[Event "Titled Tuesday Blitz February 15 Early 2022"]
[White "Shuvalova, Polina"]
[Black "Galchenko, Matvey"]
[WhiteFideId "24171760"]
[BlackFideId "24175480"]
[WhiteElo "2355"]
[BlackElo "2453"]
[Result "0-1"]
[Round "06"]
[TimeControl "180+1"]
[Date "2022.02.15"]
[WhiteClock "0:00:28"]
[BlackClock "0:00:06"]

1. e4 e6 2. d4 d5 3. Nc3 Bb4 4. e5 Ne7 5. a3 Bxc3+ 6. bxc3 c5 7. a4 Nbc6 8. Nf3 Qa5 9. Bd2 Bd7 10. Bb5 c4 11. O-O h6 12. h3 O-O-O 13. Nh2 f6 14. exf6 gxf6 15. Re1 h5 16. Qf3 Rdf8 17. Nf1 a6 18. Bxc6 Nxc6 19. Re2 e5 20. Ne3 Be6 21. Nf5 Qc7 22. Rae1 e4 23. Rxe4 dxe4 24. Qxe4 Bxf5 25. Qxf5+ Qd7 26. Qc5 Re8 27. Rb1 Rd8 28. Bf4 Qd5 29. Qb6 Rd7 30. h4 Rg8 31. g3 Rg4 32. Be3 Rdg7 33. Kf1 Qf3 34. Qc5 Rxg3 35. Ke1 Rg1+ 36. Kd2 Rxb1 37. Qf8+ Nd8 38. Qc5+ Qc6 39. Qf8 Rgg1 40. Ke2 Rge1+ 41. Kd2 Rbd1# 0-1


[Site "https://www.chess.com"]

[Event "Titled Tuesday Blitz February 15 Early 2022"]
[White "Shvedova, Alexandra"]
[Black "Dev, Shah"]
[WhiteFideId "54154782"]
[BlackFideId "35019058"]
[WhiteElo "1920"]
[BlackElo "2098"]
[Result "0-1"]
[Round "06"]
[TimeControl "180+1"]
[Date "2022.02.15"]
[WhiteClock "0:00:02"]
[BlackClock "0:00:11"]

1. e4 e5 2. Nf3 Nc6 3. Bc4 Bc5 4. O-O Nf6 5. d3 h6 6. c3 d6 7. a4 a5 8. Nbd2 O-O 9. h3 Bb6 10. Re1 Ne7 11. Bb3 Ng6 12. d4 c6 13. Nf1 Bc7 14. Ng3 Re8 15. Bd2 Be6 16. Bxe6 Rxe6 17. Qb3 Rb8 18. h4 Ng4 19. Nf5 d5 20. h5 Nf4 21. Bxf4 exf4 22. exd5 cxd5 23. Rxe6 fxe6 24. N5h4 Nf6 25. Re1 Qd7 26. Ne5 Bxe5 27. Rxe5 Ng4 28. Re1 Qf7 29. Ng6 f3 30. g3 Re8 31. Qb5 Nf6 32. Nf4 Nxh5 33. Nxh5 Qxh5 34. Re5 Qh3 35. Qf1 Qg4 36. Qe1 Kf7 37. Qe3 h5 38. Rg5 Qe4 39. Qxe4 dxe4 40. Re5 Rb8 41. Rxe4 b5 42. axb5 Rxb5 43. Rf4+ Ke7 44. Rxf3 Rxb2 45. c4 a4 46. Ra3 Rb4 47. c5 Rxd4 48. Kf1 Kd7 49. Ke2 Kc6 50. Ke3 Kxc5 51. Rc3+ Rc4 52. Ra3 Kb4 53. Ra1 a3 54. f4 Kb3 55. Kf3 Kb2 0-1


[Site "https://www.chess.com"]

[Event "Titled Tuesday Blitz February 15 Early 2022"]
[White "Shyaamnikhil P"]
[Black "Vitiugov, Nikita"]
[WhiteFideId "5024218"]
[BlackFideId "4152956"]
[WhiteElo "2292"]
[BlackElo "2673"]
[Result "0-1"]
[Round "06"]
[TimeControl "180+1"]
[Date "2022.02.15"]
[WhiteClock "0:00:12"]
[BlackClock "0:00:42"]

1. d4 Nf6 2. Nf3 g6 3. g3 Bg7 4. Bg2 O-O 5. O-O d6 6. Re1 c5 7. d5 b5 8. a4 b4 9. c4 bxc3 10. Nxc3 Na6 11. Nd2 Nb4 12. Nc4 Ba6 13. Nb5 Nd7 14. Ra3 Rb8 15. Bg5 h6 16. Bd2 Nb6 17. Nxb6 Qxb6 18. Bc3 Bxb5 19. axb5 Rb7 20. Qd2 Qxb5 21. Rea1 Ra8 22. Ra5 Qc4 23. Bxg7 Kxg7 24. Qc3+ Qd4 25. Qxd4+ cxd4 26. Rd1 Nc2 27. Ra2 a5 28. Be4 Nb4 29. Ra4 f5 30. Bf3 Nc2 31. Ra2 Rb5 32. Rd2 Rc5 33. Ra4 Rb8 34. Ra2 Rb3 35. h4 Nb4 36. Ra4 Kf6 37. Rxd4 Rxb2 38. Kg2 Rb1 39. Rd2 Nc2 40. e3 Ne1+ 0-1


[Site "https://www.chess.com"]

[Event "Titled Tuesday Blitz February 15 Early 2022"]
[White "Steenbekkers, Franck"]
[Black "Stankovic, Ivan G"]
[WhiteFideId "1004220"]
[BlackFideId "902837"]
[WhiteElo "2141"]
[BlackElo "2195"]
[Result "0-1"]
[Round "06"]
[TimeControl "180+1"]
[Date "2022.02.15"]
[WhiteClock "0:00:44"]
[BlackClock "0:00:30"]

1. e4 c5 2. Nc3 Nc6 3. Bb5 Nd4 4. Nf3 a6 5. Bd3 b5 6. Nxd4 cxd4 7. Ne2 Qb6 8. O-O d6 9. b3 g6 10. Bb2 Bg7 11. f4 e5 12. f5 Nf6 13. Ng3 O-O 14. Kh1 Bb7 15. a4 d5 16. axb5 axb5 17. Rxa8 Bxa8 18. Qe2 Re8 19. Bxb5 Rc8 20. fxg6 hxg6 21. exd5 Rxc2 22. Ba3 Bxd5 23. Be7 e4 24. Bxf6 Bxf6 25. Nxe4 Bxe4 26. Bc4 Bf5 27. Qe8+ Kh7 28. Qxf7+ Bg7 29. h3 Qf6 30. Qg8+ Kh6 31. Bd3 Rc5 32. g4 Qc6+ 33. Kg1 Bxd3 0-1


[Site "https://www.chess.com"]

[Event "Titled Tuesday Blitz February 15 Early 2022"]
[White "Stefanov, Plamen"]
[Black "Piliczewski, Bogusz"]
[WhiteFideId "2900980"]
[BlackFideId "1104144"]
[WhiteElo "2137"]
[BlackElo "1896"]
[Result "1-0"]
[Round "06"]
[TimeControl "180+1"]
[Date "2022.02.15"]
[WhiteClock "0:00:52"]
[BlackClock "0:00:01"]

1. e4 c6 2. d4 d5 3. e5 c5 4. c3 Bf5 5. Nf3 Nc6 6. Bb5 e6 7. O-O Qb6 8. Bxc6+ bxc6 9. Nbd2 cxd4 10. cxd4 Bb4 11. Nb3 Ne7 12. Be3 Bg4 13. Qc1 Bxf3 14. gxf3 Nf5 15. Kh1 O-O 16. Rg1 g6 17. Bh6 Rfc8 18. Rg4 Bf8 19. Qg5 Qd8 20. Bxf8 Qxg5 21. Rxg5 Kxf8 22. Rc1 a5 23. Rg4 a4 24. Nc5 a3 25. b3 Ra7 26. Rd1 h5 27. Rgg1 Rb8 28. Rd3 Rb4 29. Rgd1 Ra5 30. Na4 Ke7 31. Kg2 g5 32. Kf1 Ra8 33. Ke2 Rg8 34. Kd2 g4 35. Kc3 Rbb8 36. f4 h4 37. b4 Rg6 38. Kb3 g3 39. fxg3 hxg3 40. hxg3 Nxg3 41. Kxa3 Ne4 42. Kb3 Nf2 43. Nc5 Nxd1 44. Rxd1 Rg3+ 45. Rd3 Rxd3+ 46. Nxd3 1-0


[Site "https://www.chess.com"]

[Event "Titled Tuesday Blitz February 15 Early 2022"]
[White "Stromboli, Ettore"]
[Black "Gubanov, Oleg"]
[WhiteFideId "813761"]
[BlackFideId "14115115"]
[WhiteElo "2414"]
[BlackElo "2080"]
[Result "1-0"]
[Round "06"]
[TimeControl "180+1"]
[Date "2022.02.15"]
[WhiteClock "0:01:39"]
[BlackClock "0:00:13"]

1. e4 Nf6 2. e5 Nd5 3. Nf3 d6 4. d4 dxe5 5. Nxe5 c6 6. c4 Nb4 7. a3 Qxd4 8. Nxf7 Qe4+ 9. Kd2 Kxf7 10. axb4 e5 11. Bd3 Bxb4+ 12. Kc2 Qxg2 13. Qh5+ g6 14. Qxe5 Re8 15. Qf4+ Kg7 16. Bd2 Bxd2 17. Nxd2 Nd7 18. Rhe1 Rf8 19. Re7+ Kg8 20. Qh6 Nf6 21. Qg7# 1-0


[Site "https://www.chess.com"]

[Event "Titled Tuesday Blitz February 15 Early 2022"]
[White "Subelj, Jan"]
[Black "Mikhailovsky, Vladimir"]
[WhiteFideId "14618583"]
[BlackFideId "34105414"]
[WhiteElo "2248"]
[BlackElo "2371"]
[Result "0-1"]
[Round "06"]
[TimeControl "180+1"]
[Date "2022.02.15"]
[WhiteClock "0:01:27"]
[BlackClock "0:00:41"]

1. d4 d5 2. Bf4 c5 3. e3 cxd4 4. exd4 Nc6 5. c3 Bf5 6. Nd2 e6 7. Qb3 Bd6 8. Qxb7 Bxf4 9. Qxc6+ Kf8 10. Ngf3 Ne7 11. Qa6 Qc7 12. g3 Bd6 13. Bd3 Rb8 14. Bxf5 Nxf5 15. Nb3 h5 16. O-O-O g6 17. Rhe1 Kg7 18. Ne5 Rb6 19. Qa5 Rhb8 20. Nd3 Qc4 21. Qxa7 Ra6 22. Qd7 Rxa2 23. Nbc5 Bxc5 24. Ne5 Qxc3+ 25. bxc3 Ba3# 0-1


[Site "https://www.chess.com"]

[Event "Titled Tuesday Blitz February 15 Early 2022"]
[White "Svane, Frederik"]
[Black "Djokic, Mihailo"]
[WhiteFideId "12923044"]
[BlackFideId "976440"]
[WhiteElo "2459"]
[BlackElo "2008"]
[Result "1-0"]
[Round "06"]
[TimeControl "180+1"]
[Date "2022.02.15"]
[WhiteClock "0:00:18"]
[BlackClock "0:00:58"]

1. c4 e5 2. e3 Nc6 3. Nc3 Bc5 4. Nf3 d6 5. d4 exd4 6. exd4 Bb6 7. h3 Nge7 8. Be2 O-O 9. O-O Re8 10. Na4 Nf5 11. Nxb6 axb6 12. d5 Ne5 13. Bd2 Nxf3+ 14. Bxf3 Nh4 15. Bg4 Qf6 16. Bc3 Qg6 17. g3 Nf5 18. Qf3 Nh6 19. Bh5 Qe4 20. Rae1 Qxe1 21. Rxe1 Bf5 22. Rxe8+ Rxe8 23. Qf4 Bg6 24. Bxg6 hxg6 25. g4 f6 26. g5 Nf5 27. gxf6 gxf6 28. Bxf6 Kf7 29. Bc3 Ra8 30. Qg5 Ne7 31. Qf6+ Ke8 32. Qe6 Kf8 33. Bd2 Rxa2 34. Bh6+ Ke8 35. Bg5 1-0


[Site "https://www.chess.com"]

[Event "Titled Tuesday Blitz February 15 Early 2022"]
[White "Sychev, Klementy"]
[Black "Hoffmann, Asa"]
[WhiteFideId "4114060"]
[BlackFideId "2001470"]
[WhiteElo "2564"]
[BlackElo "2117"]
[Result "1-0"]
[Round "06"]
[TimeControl "180+1"]
[Date "2022.02.15"]
[WhiteClock "0:00:23"]
[BlackClock "0:00:07"]

1. e4 d6 2. d4 Nf6 3. Nc3 c6 4. Nf3 Bg4 5. h3 Bh5 6. Qe2 e6 7. g4 Bg6 8. h4 d5 9. exd5 cxd5 10. h5 Be4 11. g5 Bxf3 12. Qxf3 Nfd7 13. g6 Qf6 14. gxf7+ Qxf7 15. Qxf7+ Kxf7 16. Be3 Nc6 17. O-O-O Be7 18. f4 Bf6 19. f5 Nb6 20. fxe6+ Kxe6 21. Bh3+ Kf7 22. Nb5 Rad8 23. Bf4 Rhe8 24. Nd6+ Rxd6 25. Bxd6 Nxd4 26. Rhf1 Ne2+ 27. Kb1 Nc4 28. Rxd5 Ne3 29. Rxf6+ gxf6 30. Rc5 f5 31. Bxf5 Nxf5 32. Rxf5+ Ke6 33. Re5+ Kd7 34. Rxe8 Kxe8 35. c3 Kf7 36. Kc2 Ke6 37. Bb8 a6 38. Kd3 Nc1+ 39. Kd2 Nxa2 40. Kc2 b5 41. Bf4 a5 42. Kb3 Kf5 43. Bd2 b4 44. c4 1-0


[Site "https://www.chess.com"]

[Event "Titled Tuesday Blitz February 15 Early 2022"]
[White "Szpar, Milosz"]
[Black "Martirosyan, Haik M."]
[WhiteFideId "1184989"]
[BlackFideId "13306553"]
[WhiteElo "2447"]
[BlackElo "2735"]
[Result "0-1"]
[Round "06"]
[TimeControl "180+1"]
[Date "2022.02.15"]
[WhiteClock "0:00:02"]
[BlackClock "0:00:45"]

1. e4 e6 2. d4 d5 3. Nd2 c5 4. exd5 Qxd5 5. Ngf3 cxd4 6. Bc4 Qd7 7. O-O Nf6 8. Nb3 Nc6 9. Nbxd4 Nxd4 10. Qxd4 Qxd4 11. Nxd4 Bd7 12. Be2 Rc8 13. Bf3 b6 14. Bf4 Bc5 15. Nb3 Be7 16. c3 Bc6 17. Bxc6+ Rxc6 18. Nd4 Rc5 19. Rfe1 Nd5 20. Be5 O-O 21. Nb3 Rc4 22. Bd4 Rd8 23. g3 Rcc8 24. a4 a6 25. Kg2 h5 26. h4 Kf8 27. Re5 g6 28. Re2 Bf6 29. Kf3 Bxd4 30. Nxd4 Kg7 31. Kg2 Rc4 32. Nf3 Rc7 33. Ne5 Ne7 34. Kf1 Rd5 35. Ke1 Rcc5 36. Nf3 Rc4 37. Ne5 Rcc5 38. Nf3 Nf5 39. Re4 e5 40. Rd1 Rxd1+ 41. Kxd1 f6 42. Rb4 Rc6 43. Nd2 Ne7 44. Rc4 Rxc4 45. Nxc4 Nd5 46. a5 b5 47. Nd6 Kf8 48. Ne4 Ke7 49. Nc5 Nc7 50. Kd2 Kd6 51. Ne4+ Ke6 52. Kd3 f5 53. Nc5+ Kd6 54. b4 Kd5 55. f3 Kd6 56. Ke3 Kc6 57. Kd3 Kd5 58. Kd2 f4 59. gxf4 exf4 60. Nd7 Ke6 61. Nc5+ Kf5 62. Ke2 g5 63. hxg5 Kxg5 64. Kf2 Kf5 65. Kg2 Ke5 66. Kh3 Kd5 67. Kh4 Kc4 68. Ne4 Nd5 69. Kxh5 Nxc3 70. Nc5 Kxb4 71. Nxa6+ Kxa5 72. Nc5 Nd5 73. Nd3 b4 74. Kg5 b3 75. Kf5 Kb5 76. Ke4 Kc4 77. Ne5+ Kc3 78. Nd3 Nb6 79. Nc5 b2 80. Kxf4 b1=Q 0-1


[Site "https://www.chess.com"]

[Event "Titled Tuesday Blitz February 15 Early 2022"]
[White "Tanenbaum, Zachary"]
[Black "Jakubowska, Anna"]
[WhiteFideId "2060850"]
[BlackFideId "1121952"]
[WhiteElo "2168"]
[BlackElo "1924"]
[Result "1-0"]
[Round "06"]
[TimeControl "180+1"]
[Date "2022.02.15"]
[WhiteClock "0:00:09"]
[BlackClock "0:00:04"]

1. e4 c5 2. Nf3 e6 3. d4 cxd4 4. Bg5 Qa5+ 5. c3 Nc6 6. Be2 dxc3 7. Nxc3 Be7 8. Bf4 Nf6 9. O-O d5 10. Nb5 O-O 11. Bc7 Qb4 12. e5 Nd7 13. a3 Qf4 14. g3 Qf5 15. Bd3 Qh5 16. Rc1 Nc5 17. Bd6 Nxd3 18. Qxd3 Bd7 19. Bxe7 Nxe7 20. Nd6 Bc6 21. Qe3 Nf5 22. Nxf5 Qxf5 23. Nd4 Qh5 24. Nxc6 bxc6 25. Rxc6 Rfc8 26. Qxa7 Qxe5 27. Rfc1 Rf8 28. Qxa8 h6 29. Rc8 Rxc8 30. Qxc8+ Kh7 31. Qc2+ g6 32. Qc7 Qf6 33. a4 g5 34. a5 d4 35. a6 d3 36. a7 d2 37. Qc2+ Kg7 38. Qxd2 1-0


[Site "https://www.chess.com"]

[Event "Titled Tuesday Blitz February 15 Early 2022"]
[White "Tari, Aryan"]
[Black "Thunderbolt135"]
[WhiteFideId "1510045"]
[WhiteElo "2567"]
[BlackElo "2766"]
[Result "1-0"]
[Round "06"]
[TimeControl "180+1"]
[Date "2022.02.15"]
[WhiteClock "0:00:55"]
[BlackClock "0:00:07"]

1. d4 Nf6 2. c4 e6 3. Nf3 Bb4+ 4. Nbd2 b6 5. a3 Bxd2+ 6. Bxd2 Bb7 7. e3 O-O 8. Bd3 d6 9. O-O Ne4 10. Be1 Nd7 11. Qc2 f5 12. Nd2 Ndf6 13. f3 Nxd2 14. Bxd2 c5 15. dxc5 bxc5 16. b4 Qe7 17. bxc5 dxc5 18. Bc3 Rfd8 19. Rfd1 Bc6 20. Bf1 Rxd1 21. Rxd1 Rd8 22. Rxd8+ Qxd8 23. Qb2 Kf7 24. Kf2 Qb6 25. Qd2 Nd7 26. Be2 Qb8 27. g3 Ne5 28. e4 Ng6 29. exf5 exf5 30. Qe3 Qd6 31. Bd3 f4 32. Bxg6+ Kxg6 33. gxf4 Kf7 34. f5 Qxh2+ 35. Ke1 Qh1+ 36. Kd2 Qg2+ 37. Kc1 Qxf3 38. Qe6+ Kf8 39. Qd6+ Kf7 40. Qc7+ Ke8 41. Qe5+ Kd8 42. Ba5+ Kd7 43. Qe6# 1-0


[Site "https://www.chess.com"]

[Event "Titled Tuesday Blitz February 15 Early 2022"]
[White "Tasev, Dejan"]
[Black "Maltsevskaya, Aleksandra"]
[WhiteFideId "936618"]
[BlackFideId "24174041"]
[WhiteElo "2253"]
[BlackElo "2283"]
[Result "0-1"]
[Round "06"]
[TimeControl "180+1"]
[Date "2022.02.15"]
[WhiteClock "0:00:06"]
[BlackClock "0:00:38"]

1. e4 c5 2. Nf3 e6 3. b3 Nc6 4. Bb2 b6 5. g3 Bb7 6. Bg2 Nf6 7. e5 Nd5 8. O-O h5 9. Na3 h4 10. Nc4 hxg3 11. fxg3 Be7 12. a4 Qc7 13. Qe2 a6 14. Rae1 O-O-O 15. d3 f5 16. exf6 gxf6 17. Nfd2 Nd4 18. Bxd4 cxd4 19. a5 b5 20. Bxd5 bxc4 21. Bxb7+ Qxb7 22. Nxc4 Rdg8 23. Qg2 Qxg2+ 24. Kxg2 f5 25. Rf4 Bc5 26. Re2 Kc7 27. Rf1 Rg4 28. h3 Rg7 29. Rh1 Rhg8 30. g4 fxg4 31. h4 Rh7 32. Kg3 Be7 33. Rf2 d5 34. Nd2 Rh5 35. Re2 Kd7 36. Rhe1 Bxh4+ 37. Kg2 Bxe1 38. Rxe1 Kd6 39. b4 Rc8 40. Nb3 Rxc2+ 41. Kg3 Rh3+ 42. Kxg4 Rxd3 43. Nc5 Re3 44. Rf1 Rxc5 45. bxc5+ Kxc5 0-1


[Site "https://www.chess.com"]

[Event "Titled Tuesday Blitz February 15 Early 2022"]
[White "Tay, Junior"]
[Black "Eynullayev, Altay"]
[WhiteFideId "5800439"]
[BlackFideId "13413562"]
[WhiteElo "2216"]
[BlackElo "2079"]
[Result "0-1"]
[Round "06"]
[TimeControl "180+1"]
[Date "2022.02.15"]
[WhiteClock "0:01:41"]
[BlackClock "0:01:16"]

1. Nc3 e6 2. e4 d5 3. Nf3 dxe4 4. Nxe4 Bd7 5. d4 Bc6 6. Bd3 Be7 7. Qe2 Nf6 8. Neg5 h6 9. Nxe6 fxe6 10. Bg6+ Kf8 11. c3 Qd5 12. O-O Bb5 13. Bd3 Bxd3 14. Qxd3 Nbd7 15. Re1 Rd8 16. c4 Qh5 17. Rxe6 Nc5 18. Qe2 Nxe6 19. Qxe6 Rxd4 20. Be3 Rd6 21. Qc8+ Rd8 22. Qxc7 Rd7 23. Qc8+ Qe8 24. Qxe8+ Kxe8 25. Ne5 Rc7 26. b3 Rf8 27. Re1 Nd7 28. Ng6 Rf7 29. Bf4 Rc6 30. a4 Rxg6 0-1


[Site "https://www.chess.com"]

[Event "Titled Tuesday Blitz February 15 Early 2022"]
[White "Timofeev, Artyom"]
[Black "Jaferian, Koosha"]
[WhiteFideId "4140419"]
[BlackFideId "12507440"]
[WhiteElo "2583"]
[BlackElo "2027"]
[Result "1-0"]
[Round "06"]
[TimeControl "180+1"]
[Date "2022.02.15"]
[WhiteClock "0:00:04"]
[BlackClock "0:00:04"]

1. d4 Nf6 2. Nf3 e6 3. Bg5 Be7 4. Nc3 d5 5. e3 O-O 6. Be2 c5 7. O-O cxd4 8. exd4 Nc6 9. Re1 Ne4 10. Bxe7 Qxe7 11. Bd3 f5 12. Ne2 Bd7 13. c3 Be8 14. Bc2 Bh5 15. Nf4 Bf7 16. Qc1 b5 17. Nd3 Rab8 18. Nfe5 Nxe5 19. Nxe5 Qc7 20. a3 a5 21. Bd3 Be8 22. h4 Nd6 23. Qf4 b4 24. cxb4 axb4 25. a4 b3 26. a5 Nc4 27. Bxc4 dxc4 28. Re3 Bc6 29. h5 Rf6 30. Rg3 h6 31. Qh4 Kh7 32. Nxc4 Bxg2 33. Ne5 Be4 34. Rg6 Rbf8 35. Qf4 Qc2 36. Qc1 Qe2 37. Qc7 Rxg6+ 38. hxg6+ Kh8 39. Nf7+ Kg8 40. Nxh6+ Kh8 41. Nf7+ Kg8 42. Nh6+ Kh8 43. Qh2 Bf3 44. Ng4+ Kg8 45. Qh7# 1-0


[Site "https://www.chess.com"]

[Event "Titled Tuesday Blitz February 15 Early 2022"]
[White "Todorovic, Bojan"]
[Black "Clawitter, Craig"]
[WhiteFideId "917087"]
[BlackFideId "2023105"]
[WhiteElo "2266"]
[BlackElo "2139"]
[Result "1-0"]
[Round "06"]
[TimeControl "180+1"]
[Date "2022.02.15"]
[WhiteClock "0:00:12"]
[BlackClock "0:00:01"]

1. Nf3 Nf6 2. c4 e6 3. g3 d5 4. Bg2 Be7 5. O-O O-O 6. b3 a5 7. Nc3 a4 8. cxd5 axb3 9. dxe6 Bxe6 10. Ng5 Nc6 11. Nxe6 fxe6 12. Qxb3 Nd4 13. Qb1 Nd5 14. Qe4 Bf6 15. Bb2 c6 16. Rfe1 Nb4 17. Rec1 e5 18. e3 Ndc2 19. Rxc2 Nxc2 20. Qxc2 Qd7 21. Ne4 Qf5 22. d3 Rad8 23. a4 Be7 24. Qc4+ Kh8 25. Bc3 Rd5 26. Rb1 Ra8 27. Rxb7 Ba3 28. Qb3 Bc1 29. Rb8+ Rd8 30. Rxd8+ Rxd8 31. Qc4 h6 32. Be1 1-0


[Site "https://www.chess.com"]

[Event "Titled Tuesday Blitz February 15 Early 2022"]
[White "Toncheva, Nadya"]
[Black "Przybylski, Wojciech"]
[WhiteFideId "2924056"]
[BlackFideId "1117599"]
[WhiteElo "1920"]
[BlackElo "2133"]
[Result "1-0"]
[Round "06"]
[TimeControl "180+1"]
[Date "2022.02.15"]
[WhiteClock "0:00:08"]
[BlackClock "0:00:01"]

1. e4 c5 2. Nf3 d6 3. c3 Nf6 4. Bd3 Nc6 5. O-O e5 6. Re1 Be7 7. h3 O-O 8. Bf1 Re8 9. d3 Bf8 10. Be3 d5 11. Nbd2 h6 12. exd5 Nxd5 13. Nc4 b5 14. Na3 Nxe3 15. Rxe3 a6 16. Nc2 Bb7 17. Qe2 Qd6 18. d4 cxd4 19. cxd4 e4 20. Rxe4 Rxe4 21. Qxe4 Nd8 22. Qd3 Ne6 23. Re1 Nf4 24. Qe3 Bd5 25. a3 Bc6 26. Nb4 Re8 27. Qc3 Rxe1 28. Nxe1 Bb7 29. Nbd3 Nd5 30. Qd2 Qf6 31. Ne5 Bd6 32. N1f3 Nf4 33. Qe3 g6 34. Ng4 Qg7 35. Qe8+ Bf8 36. Nfe5 Ne6 37. Nd7 Bc6 38. Ndf6+ Kh8 39. Qxc6 h5 40. d5 hxg4 41. dxe6 Qxf6 42. Qc8 fxe6 43. Qxa6 Be7 44. Qxb5 Kg7 45. hxg4 Qf7 46. Qe5+ Bf6 47. Qe2 Qa7 48. Qb5 Bd4 49. Qe2 e5 50. Qf3 Qb6 51. b4 Qa7 52. Bc4 e4 53. Qxe4 Bxf2+ 54. Kf1 Be3 55. Qe5+ Kh7 56. Qe6 1-0


[Site "https://www.chess.com"]

[Event "Titled Tuesday Blitz February 15 Early 2022"]
[White "Topalov, Aleksandar"]
[Black "Vetokhin, Ilia"]
[WhiteFideId "925659"]
[BlackFideId "24156078"]
[WhiteElo "2098"]
[BlackElo "1897"]
[Result "1-0"]
[Round "06"]
[TimeControl "180+1"]
[Date "2022.02.15"]
[WhiteClock "0:00:05"]
[BlackClock "0:00:06"]

1. b3 Nf6 2. Bb2 g6 3. Bxf6 exf6 4. c4 Bg7 5. Nc3 O-O 6. e3 f5 7. Nge2 d6 8. g3 c6 9. Bg2 Nd7 10. O-O Re8 11. Rb1 a5 12. a3 Nc5 13. Qc2 Be6 14. b4 axb4 15. axb4 Nd7 16. d3 Qc7 17. b5 Ra3 18. Rfc1 Rea8 19. bxc6 bxc6 20. Rb3 Rxb3 21. Qxb3 Nc5 22. Qc2 Ra6 23. d4 Nb7 24. d5 Bd7 25. dxc6 Bxc6 26. Nd5 Bxd5 27. Bxd5 Nc5 28. Nd4 Bxd4 29. exd4 Ne6 30. Qc3 Qb6 31. Rd1 Qa5 32. Qe3 Qa4 33. Rb1 f4 34. gxf4 Qd7 35. f5 gxf5 36. Kh1 f4 37. Rg1+ Kf8 38. Qe4 Qe7 39. Qxh7 Qf6 40. Qg8+ Ke7 41. Qc8 Ra2 42. Qb7+ Kf8 43. Qb8+ Ke7 44. c5 Qxd4 45. Qxd6+ Kf6 46. Re1 Qxf2 47. Rxe6+ fxe6 48. Qxe6+ Kg5 49. Qe7+ Kf5 50. Qf7+ Ke5 51. Qe6+ Kd4 52. Qe4+ Kxc5 53. Qc4+ Kd6 54. Qc6+ Ke5 55. Qe6+ Kd4 56. Qe4+ Kc3 57. Qc4+ Kd2 58. Qxa2+ Ke1 59. Qxf2+ Kxf2 60. h4 Ke3 61. h5 Kd4 62. h6 Kxd5 63. h7 1-0


[Site "https://www.chess.com"]

[Event "Titled Tuesday Blitz February 15 Early 2022"]
[White "Tregubov, Pavel V."]
[Black "Dreev, Aleksey"]
[WhiteFideId "4115341"]
[BlackFideId "4100107"]
[WhiteElo "2341"]
[BlackElo "2636"]
[Result "0-1"]
[Round "06"]
[TimeControl "180+1"]
[Date "2022.02.15"]
[WhiteClock "0:00:09"]
[BlackClock "0:02:01"]

1. e4 c6 2. Nf3 d5 3. Nc3 Bg4 4. h3 Bxf3 5. Qxf3 e6 6. g3 Nf6 7. Bg2 Bb4 8. e5 Nfd7 9. d4 c5 10. a3 Ba5 11. b4 cxd4 12. Nb5 Bc7 13. Bf4 Bxe5 14. O-O O-O 15. Rfe1 Nc6 16. Bxe5 Ndxe5 17. Qf4 Ng6 18. Qd2 Qb6 19. a4 a6 20. Na3 Qxb4 21. Qd3 Qc3 22. Rab1 Qxd3 23. cxd3 Rab8 24. Rb6 Nge5 25. Reb1 Na5 26. Bf1 Nd7 27. R6b4 Rfc8 28. Rxd4 Rc3 0-1


[Site "https://www.chess.com"]

[Event "Titled Tuesday Blitz February 15 Early 2022"]
[White "Urazayev, Arystanbek"]
[Black "Volkov, Maksim"]
[WhiteFideId "13709810"]
[BlackFideId "54123070"]
[WhiteElo "2321"]
[BlackElo "2081"]
[Result "1-0"]
[Round "06"]
[TimeControl "180+1"]
[Date "2022.02.15"]
[WhiteClock "0:02:00"]
[BlackClock "0:00:28"]

1. d4 d5 2. c4 e6 3. Nf3 Nf6 4. Nc3 c6 5. e3 Nbd7 6. Qc2 Bd6 7. b3 O-O 8. Be2 Re8 9. Bb2 e5 10. dxe5 Nxe5 11. cxd5 cxd5 12. O-O Bg4 13. Qd1 Nxf3+ 14. Bxf3 Bxf3 15. Qxf3 Be5 16. Rad1 Qc7 17. Nb5 Qb6 18. Bxe5 Rxe5 19. Nd4 Ne4 20. Rc1 Rg5 21. Rc2 h5 22. Rfc1 h4 23. Rc8+ Rxc8 24. Rxc8+ Kh7 25. Qxf7 Nf6 26. Ne6 Rg4 27. h3 Qb4 28. Rc1 Re4 29. Qxg7# 1-0


[Site "https://www.chess.com"]